 Dungeon Crawl Stone Soup version 0.25-a0-356-g7c9d860 (webtiles) character file.

Game seed: 17121012798726011762, levelgen mode: deterministic

11913 puppykicker the Arsonist (level 11, -9/92 HPs)
             Began as a Red Draconian Wizard on Jan 3, 2020.
             Was a Priest of Vehumet.
             Mangled by Snorg (19 damage)
             ... on level 10 of the Dungeon.
             The game lasted 00:57:19 (16065 turns).

puppykicker the Arsonist (Red Draconian Wizard)    Turns: 16065, Time: 00:57:19

Health: -9/92      AC: 12    Str: 18    XL:     11   Next: 55%
Magic:  9/18       EV: 14    Int: 21    God:    Vehumet [***...]
Gold:   238        SH:  4    Dex:  9    Spells: 6/20 levels left

rFire    + . .     SeeInvis +   a - +1 long sword (flame)
rCold    . . .     Gourm    .   x - +0 buckler
rNeg     . . .     Faith    .   (armour unavailable)
rPois    .         Spirit   .   g - +1 hat
rElec    .         Reflect  .   u - +0 cloak
rCorr    .         Harm     .   D - +2 pair of gloves of the Blessed Realm {Str+2}
MR       .....                  (no boots)
Stlth    ++........             J - amulet of rage
HPRegen  0.25/turn              G - ring of wizardry
MPRegen  0.16/turn              I - ring of see invisible

@: mighty
A: breathe fire, unfitting armour, fire resistance 1, cold-blooded, AC +7
a: Breathe Fire, Renounce Religion, Evoke Berserk Rage


You were on level 10 of the Dungeon.
You worshipped Vehumet.
Vehumet was most pleased with you.
You were not hungry.

You visited 2 branches of the dungeon, and saw 11 of its levels.
You also visited: Sewer and Ossuary.

You collected 660 gold pieces.
You spent 422 gold pieces at shops.


Innate Abilities, Weirdness & Mutations

You can breathe blasts of fire.
Your fiery red scales are hard. (AC +7)
You cannot fit into any form of body armour.
Your flesh is heat resistant. (rF+)
You are cold-blooded and may be slowed by cold attacks.


   Skills:
 + Level 7.4 Fighting
 - Level 5.1 Dodging
 - Level 1.7 Stealth
 - Level 4.0 Shields
 - Level 5.0 Spellcasting
 + Level 8.8 Conjurations
 - Level 3.0 Summonings
 - Level 3.0 Translocations
 + Level 11.6 Fire Magic
 - Level 2.0 Air Magic
 - Level 2.1 Poison Magic
 - Level 5.0 Evocations


You had 6 spell levels left.
You knew the following spells:

 Your Spells              Type           Power        Failure   Level  Hunger
a - Magic Dart            Conj           ####         1%          1    None
b - Call Imp              Summ           ###.....     1%          2    None
c - Mephitic Cloud        Conj/Pois/Air  ###.....     1%          3    ##.....
d - Conjure Flame         Conj/Fire      #####...     1%          3    ##.....
i - Inner Flame           Hex/Fire       ####....     1%          3    ##.....
p - Blink                 Tloc           N/A          1%          2    None

Your spell library contained the following spells:

 Spells                   Type           Power        Failure   Level  Hunger
 Dazzling Flash           Conj/Hex       ###...       1%          3    ##.....
 Confusing Touch          Hex            #.....       4%          1    None
 Gell's Gravitas          Tloc           ###.......   4%          3    ##.....
 Slow                     Hex            #.......     6%          2    None
 Confuse                  Hex            #.......     13%         3    ##.....
 Yara's Violent Unravell  Hex/Tmut       #.........   28%         5    #####..
 Petrify                  Tmut/Erth      #.......     38%         4    ####...
 Metabolic Englaciation   Hex/Ice        #.........   71%         5    #####..

Inventory:

Hand Weapons
 a - a +1 long sword of flaming (weapon)
 b - a +0 morningstar
 Q - a +0 broad axe
Missiles
 q - 18 poisoned darts (quivered)
 E - 6 javelins
 H - 8 atropa-tipped darts
 L - 8 boomerangs
Armour
 e - a +0 large shield
 g - a +1 hat (worn)
 u - a +0 cloak (worn)
 x - a +0 buckler (worn)
 D - the +2 pair of gloves of the Blessed Realm (worn) {Str+2}
   (You bought it in a shop on level 5 of the Dungeon)

   It affects your strength (+2).
 P - a +0 shield
Magical Staves
 C - an uncursed staff of air
Jewellery
 G - a ring of wizardry (left hand)
 I - a ring of see invisible (right hand)
 J - an amulet of rage (around neck)
Wands
 k - a wand of random effects (25)
 p - a wand of flame (35)
 O - a wand of digging (2)
 S - a wand of acid (2)
 V - a wand of paralysis (9)
Scrolls
 d - 6 scrolls of amnesia
 j - 5 scrolls of immolation {!r}
 m - 9 scrolls of teleportation
 n - a scroll of blinking
 s - 8 scrolls of remove curse
 v - a scroll of fog
 y - a scroll of torment {unknown}
 z - 2 scrolls of noise {!r}
 B - a scroll of enchant weapon {unknown}
 K - 2 scrolls of magic mapping
 M - a scroll of fear
 N - a scroll of enchant armour
 U - a scroll of acquirement {unknown}
Potions
 f - 3 potions of flight
 h - a potion of ambrosia
 i - 4 potions of agility
 l - 8 potions of curing
 o - 2 potions of haste
 r - 4 potions of lignification {!q}
 t - a potion of cancellation
 w - a potion of mutation {!q}
 A - a potion of invisibility
 F - 2 potions of resistance
Comestibles
 c - 20 rations
 R - 2 chunks of flesh {@w1}

Dungeon Overview and Level Annotations

Branches:
Dungeon (10/15)            Temple (1/1) D:7            Lair (0/6) D:8
    Orc (0/2) D:9           Sewer (visited)         Ossuary (visited)

Altars:
Ashenzari
Cheibriados
Dithmenos
Elyvilon
Fedhas
Gozag
Hepliaklqana
Kikubaaqudgha
Makhleb
Nemelex Xobeh
Okawaru
Qazlal
Ru
Sif Muna
Trog
Uskayaw
Vehumet
Wu Jian
Xom
Yredelemnul
Zin
The Shining One

Shops:
D:5 [   D:9 :   D:10 *

Annotations:
D:10 Snorg

#.# #..##...########.....##
##5####..##.)...)÷.......)..#
#.#.#.#..##.######.######...#
♣♣♣♣.§...##.# #.# #...#
♣≈♣≈≈..#.# #.# ##...####
♣≈≈≈♣♣≈≈..# #.#####........
≈P≈P≈♣≈≈P♣## #.....#.##.#.##
≈≈≈≈≈≈≈P≈≈T♣♣#####.#...#.##.#>#
≈≈≈≈≈≈≈≈≈≈♣P≈♣♣T@.≈≈≈≈≈≈≈≈≈#.#.#
≈≈≈≈≈≈≈≈≈≈P≈≈≈≈≈#≈≈≈≈≈≈≈≈≈≈≈.#.#
≈≈≈≈≈≈≈≈P≈≈≈♣≈♣♣#≈≈≈≈≈≈≈≈≈≈≈.#.##
≈≈≈≈≈≈≈≈P≈≈♣ #≈≈≈≈♣.♣≈≈≈≈##.## ≈≈
≈≈≈≈≈≈≈♣≈≈♣≈ #≈≈≈.....≈≈≈##.##
≈≈≈≈≈≈≈≈≈P≈≈≈ ###≈≈≈♣.∩.♣≈≈≈##.#
≈ ≈≈≈P≈P≈≈♣♣≈ #≈≈≈..>..≈≈≈#
≈♣P≈≈≈PP≈♣ ## ≈≈≈≈♣♣♣≈≈≈≈ ♣≈≈≈♣
♣♣ ≈≈≈≈≈


You could see Snorg (berserk).


Message History

Aiming: Corrosive Bolt
Aim: Snorg (severely wounded, berserk, fast, unusually strong)
The bolt of acid hits Snorg!
Snorg is splashed with acid.
The acid corrodes Snorg!
Snorg is almost dead.
Snorg bites you!!
* * * LOW HITPOINT WARNING * * *
Snorg closely misses you. x2
Unknown command.
You blink.
Splash!
You fall into the shallow water.
Moving in this stuff is going to be slow.
Snorg rages.
It was a potion of might.
You feel very mighty all of a sudden.
A beastly little devil appears in a puff of flame.
A beastly little devil appears in a puff of flame.
Your crimson imp says, "I bow to your fealty, O grandiloquent and awesome voivode!"
Snorg bites your crimson imp! Snorg claws your crimson imp!!
Your crimson imp dies!
The crimson imp blinks!
Snorg bites your crimson imp. Snorg claws your crimson imp!
Snorg claws your crimson imp. Snorg bites your crimson imp!
Your crimson imp dies!
You have got your breath back.
You feel better. Snorg bites you!
* * * LOW HITPOINT WARNING * * *
Snorg misses you. Snorg claws you!!
You die...

Action                   |  1- 3 |  4- 6 |  7- 9 | 10-12 || total
-------------------------+-------+-------+-------+-------++-------
Melee: Club              |    54 |       |       |       ||    54
       Tailslap          |     6 |     9 |    39 |    47 ||   101
       Long sword        |       |    69 |   366 |   278 ||   713
       Whip              |       |    27 |       |       ||    27
       Morningstar       |       |       |       |    73 ||    73
Throw: Javelin           |     6 |     5 |    18 |       ||    29
 Cast: Magic Dart        |    34 |    18 |    47 |   246 ||   345
       Call Imp          |     9 |    22 |    20 |    27 ||    78
       Blink             |     1 |       |     3 |    11 ||    15
       Conjure Flame     |       |       |     8 |    18 ||    26
       Mephitic Cloud    |       |       |     1 |     1 ||     2
 Abil: Breathe Fire      |       |       |    30 |    36 ||    66
Evoke: Wand              |       |       |     4 |    25 ||    29
  Use: Scroll            |     4 |     1 |    18 |     5 ||    28
       Potion            |       |       |       |     2 ||     2
 Stab: Distracted        |       |     2 |     1 |     1 ||     4
       Sleeping          |       |     6 |     5 |     3 ||    14
  Eat: Chunk             |     3 |     6 |    25 |    25 ||    59
       Ration            |       |       |       |     2 ||     2
Armor: Skin              |    33 |    30 |   199 |   147 ||   409
Dodge: Dodged            |    52 |    79 |   323 |   293 ||   747
Block: Buckler           |       |       |       |    39 ||    39
       Rpst.: Long sword |       |    20 |    99 |    68 ||   187

Levels and vault maps discovered:
D:1:      wander_arrival_peaceful_grave, layout_loops_corners,
          minmay_split_cup_large
D:2:      layout_rooms, uniq_robin
D:3:      layout_basic, uniq_grinder, uniq_sigmund, uniq_natasha, uniq_ijyb
D:4:      layout_loops_corners, first_ration
D:5:      layout_loops_ring, serial_shops, nicolae_shop_behind_doors,
          minmay_divided_ellipse, uniq_crazy_yiuf_cottage, uniq_pikel,
          uniq_edmund
D:6:      layout_loops_cross, nicolae_overflow_hidden_temple,
          gup_sewer_entry_glass, chequers_ossuary_entry_cave, uniq_duvessa
D:7:      minmay_spotlight, layout_basic, minmay_temple_entry_mini_moons
D:8:      layout_loops_ring, dpeg_lair_monsters
D:9:      layout_roguey, erik_orc_4, serial_shops, shop
D:10:     layout_loops_ring, serial_bayou, serial_bayou_lake_a,
          serial_bayou_pond_d, serial_bayou_pond_a, serial_bayou_lagoon_a,
          serial_bayou_shore_a, the_bakery, nicolae_island_escapes, uniq_snorg
Temple:   regret_index_temple_chain_breaker

Notes
Turn   | Place    | Note
-------+----------+-------------------------------------------
     0 | D:1      | puppykicker the Draconian Wizard began the quest for the
                  | Orb.
     0 | D:1      | Reached XP level 1. HP: 14/14 MP: 4/4
   403 | D:1      | Reached XP level 2. HP: 22/22 MP: 1/6
   407 | D:1      | Learned a level 2 spell: Blink
   410 | D:1      | Learned a level 2 spell: Call Imp
   592 | D:1      | Reached skill level 1 in Fighting
   592 | D:1      | Reached skill level 2 in Conjurations
  1446 | D:2      | Reached XP level 3. HP: 28/28 MP: 4/7
  1543 | D:2      | Noticed Robin
  1561 | D:2      | Killed Robin
  1775 | D:2      | Reached XP level 4. HP: 24/35 MP: 2/8
  2212 | D:2      | Reached skill level 3 in Conjurations
  2224 | D:2      | Learned a level 3 spell: Mephitic Cloud
  2375 | D:3      | Noticed Ijyb
  2389 | D:3      | Killed Ijyb
  2493 | D:3      | Noticed a phantom
  2516 | D:3      | Noticed an ice beast
  2586 | D:3      | Reached skill level 2 in Fighting
  2586 | D:3      | Reached XP level 5. HP: 33/41 MP: 5/10
  2845 | D:3      | Noticed Natasha
  2854 | D:3      | Killed Natasha
  2854 | D:3      | Reached skill level 2 in Summonings
  2854 | D:3      | Reached skill level 2 in Translocations
  2974 | D:3      | Noticed Grinder
  2976 | D:3      | Paralysed by Grinder for 6 turns
  2989 | D:3      | Paralysed by Grinder for 2 turns
  2992 | D:3      | Killed Grinder
  2992 | D:3      | Reached skill level 1 in Air Magic
  2992 | D:3      | Reached skill level 1 in Poison Magic
  2992 | D:3      | Reached XP level 6. HP: 30/48 MP: 3/11
  3107 | D:3      | Noticed Sigmund
  3126 | D:3      | Killed Sigmund
  3126 | D:3      | Reached skill level 4 in Conjurations
  3349 | D:3      | Your scales start taking on a fiery red colour.
  3349 | D:3      | Reached XP level 7. HP: 42/55 MP: 5/12
  3349 | D:3      | Gained mutation: Your flesh is heat resistant. (rF+) [Red
                  | Draconian growth]
  3403 | D:3      | Learned a level 3 spell: Conjure Flame
  3478 | D:3      | Noticed Natasha
  3486 | D:3      | Killed Natasha
  3638 | D:3      | Noticed Natasha
  3644 | D:3      | Killed Natasha
  3644 | D:3      | Reached skill level 2 in Air Magic
  3690 | D:3      | Reached skill level 1 in Fire Magic
  3690 | D:3      | Reached skill level 2 in Poison Magic
  3806 | D:4      | Reached skill level 4 in Spellcasting
  3853 | D:4      | Reached skill level 3 in Translocations
  3855 | D:4      | Reached skill level 3 in Summonings
  3855 | D:4      | Reached skill level 2 in Fire Magic
  4238 | D:4      | Reached skill level 3 in Fire Magic
  5114 | D:4      | Reached skill level 5 in Conjurations
  5114 | D:4      | Reached skill level 4 in Fire Magic
  5114 | D:4      | Reached XP level 8. HP: 59/61 MP: 14/14
  5344 | D:5      | Entered Level 5 of the Dungeon
  5387 | D:5      | Noticed Pikel
  5399 | D:5      | Killed Pikel
  5399 | D:5      | Reached skill level 5 in Spellcasting
  5399 | D:5      | Reached skill level 6 in Fire Magic
  5509 | D:5      | Found a runed translucent door.
  5510 | D:5      | Noticed Crazy Yiuf
  5514 | D:5      | Killed Crazy Yiuf
  5589 | D:5      | Noticed Edmund
  5603 | D:5      | Killed Edmund
  5603 | D:5      | Reached skill level 2 in Dodging
  5732 | D:5      | Reached skill level 6 in Conjurations
  5870 | D:5      | Found Qootsusi's Armour Boutique.
  5873 | D:5      | Bought the +2 pair of gloves of the Blessed Realm {Str+2}
                  | for 359 gold pieces
  5915 | D:5      | Reached skill level 3 in Fighting
  5915 | D:5      | Reached skill level 7 in Fire Magic
  6033 | D:5      | Reached XP level 9. HP: 67/69 MP: 16/16
  6314 | D:6      | Reached skill level 3 in Dodging
  6387 | D:6      | Found a glowing drain.
  6398 | D:6      | Noticed Duvessa
  6401 | D:6      | Noticed Dowan
  6409 | D:6      | Killed Duvessa
  6440 | D:6      | Killed Dowan
  6508 | D:6      | Found a sand-covered staircase.
  6524 | Ossuary  | Entered an ossuary
  6559 | Ossuary  | Reached skill level 8 in Fire Magic
  6792 | Ossuary  | Reached skill level 4 in Fighting
  6903 | Sewer    | Entered a sewer
  6904 | Sewer    | Identified a potion of resistance
  7863 | D:6      | Found a sparkling altar of Nemelex Xobeh.
  7865 | D:6      | Found a blossoming altar of Fedhas.
  8014 | D:7      | Reached skill level 1 in Evocations
  8054 | D:7      | Reached skill level 7 in Conjurations
  8054 | D:7      | Reached skill level 9 in Fire Magic
  8074 | D:6      | Reached skill level 4 in Dodging
  8325 | D:7      | Found a staircase to the Ecumenical Temple.
  8334 | Temple   | Entered the Ecumenical Temple
  8472 | Temple   | Became a worshipper of Vehumet
  8680 | D:7      | Reached skill level 2 in Evocations
  8821 | D:7      | Reached XP level 10. HP: 75/80 MP: 17/17
  8864 | D:7      | Reached skill level 5 in Fighting
  9046 | D:7      | Reached * piety under Vehumet
  9046 | D:7      | Offered knowledge of Freeze by Vehumet.
 10201 | D:8      | Identified the +3 chain mail "Ebofyugua" {+Blink Dex+4
                  | Stlth-}
 10279 | D:8      | Noticed a death yak
 10660 | D:8      | Reached skill level 1 in Shields
 10840 | D:8      | Reached ** piety under Vehumet
 10847 | D:8      | Offered knowledge of Sandblast by Vehumet.
 10859 | D:8      | Noticed a death yak
 10859 | D:8      | Noticed a death yak
 11129 | D:8      | Found a staircase to the Lair.
 11641 | D:8      | Killed a death yak
 11641 | D:8      | Reached skill level 10 in Fire Magic
 11641 | D:8      | Reached skill level 3 in Evocations
 11895 | D:8      | Killed a death yak
 11895 | D:8      | Reached skill level 2 in Shields
 11917 | D:7      | Killed a death yak
 11917 | D:7      | Reached skill level 6 in Fighting
 11917 | D:7      | Reached skill level 5 in Dodging
 12900 | D:5      | Bought a +0 buckler for 63 gold pieces
 13544 | D:9      | Reached skill level 8 in Conjurations
 13600 | D:9      | Reached XP level 11. HP: 28/89 MP: 8/18
 13734 | D:9      | Reached skill level 3 in Shields
 13734 | D:9      | Reached skill level 4 in Evocations
 13996 | D:9      | Reached skill level 11 in Fire Magic
 14128 | D:9      | Offered knowledge of Inner Flame by Vehumet.
 14136 | D:9      | Learned a level 3 spell: Inner Flame
 14316 | D:9      | Found a staircase to the Orcish Mines.
 14552 | D:9      | Found Baptumn's Book Emporium.
 14680 | D:10     | Entered Level 10 of the Dungeon
 14808 | D:10     | Reached *** piety under Vehumet
 15264 | D:10     | Reached skill level 4 in Shields
 15274 | D:10     | Reached skill level 7 in Fighting
 15280 | D:10     | Offered knowledge of Dazzling Flash by Vehumet.
 15286 | D:10     | Reached skill level 5 in Evocations
 15750 | D:10     | Found Amynoe's Island Escapes.
 16034 | D:10     | Noticed Snorg
 16056 | D:10     | HP: 6/92 [Snorg (22)]
 16065 | D:10     | Mangled by Snorg

Vanquished Creatures
  3 death yaks
  Pikel (D:5)
  A gargoyle (D:10)
  A centaur skeleton (D:7)
  A troll (D:9)
  2 hippogriffs (D:10)
  Sigmund (D:3)
  16 yaks (D:10)
  A hungry ghost (D:5)
  Edmund (D:5)
  An acid dragon (D:8)
  4 orc warriors
  A porcupine (D:8)
  4 sky beasts
  2 phantoms
  A black bear (D:8)
  An eye of draining (D:8)
  2 ice beasts
  A necrophage (D:5)
  A hornet zombie (D:8)
  2 centaurs
  2 ogres (D:6)
  10 bullfrogs
  2 big kobolds (D:8)
  A gnoll sergeant (D:8)
  Dowan (D:6)
  3 scorpions
  5 wights (D:9)
  3 electric eels (D:10)
  2 howler monkeys
  4 crimson imps
  2 bullfrog zombies
  2 human zombies (Ossuary)
  A bullfrog skeleton (D:9)
  A centaur zombie (Ossuary)
  5 hounds
  2 jellies
  A gnoll shaman (D:10)
  9 orc priests
  Crazy Yiuf (D:5)
  Ijyb (D:3)
  Natasha (thrice) (D:3)
  2 iguanas
  8 orc wizards
  2 hell rats
  8 worker ants
  A killer bee zombie (D:7)
  2 big kobold zombies (Ossuary)
  5 mummies (Ossuary)
  3 hound skeletons
  A worker ant zombie (D:5)
  13 gnolls
  12 adders
  2 shadow imps
  3 adder skeletons
  2 dart slugs
  6 leopard geckos
  50 orcs
  11 bats
  6 giant cockroaches
  3 goblins
  6 hobgoblins
  15 jackals
  6 quokkas
  4 frilled lizards
  A goblin zombie (Ossuary)
  A hobgoblin zombie (Ossuary)
  20 kobolds
  A kobold zombie (Ossuary)
  A quokka skeleton (D:5)
  4 rats
  4 plants (D:10)
312 creatures vanquished.

Vanquished Creatures (collateral kills)
  Grinder (D:3)
  Duvessa (D:6)
  A phantom (D:3)
  A crocodile (Sewer)
  A crimson imp (D:6)
  Robin (D:2)
  4 adders (D:2)
  2 worms (D:2)
  An orc (D:3)
  A bat (D:2)
  6 goblins (D:2)
  2 hobgoblins (D:2)
  A kobold (D:2)
23 creatures vanquished.

Vanquished Creatures (others)
  4 fungi (D:5)
  22 plants (D:10)
26 creatures vanquished.

Grand Total: 361 creatures vanquished
